 Dungeon Crawl Stone Soup version 0.23.2-1-ga50397a6bc (webtiles) character file.

Game seed: 7796899766900616930

69 Gargoyl the Skirmisher (level 4, 0/38 HPs)
             Began as a Centaur Abyssal Knight on May 21, 2019.
             Was a Follower of Lugonu.
             Slain by a sky beast (6 damage)
             ... on level 3 of the Dungeon.
             The game lasted 00:03:12 (2483 turns).

Gargoyl the Skirmisher (Centaur Abyssal Knight)     Turns: 2483, Time: 00:03:14

Health: 0/38       AC:  7    Str: 14    XL:     4   Next: 2%
Magic:  6/6        EV:  4    Int: 11    God:    Lugonu [*.....]
Gold:   192        SH:  0    Dex: 10    Spells: 3/3 levels left

rFire    . . .     SeeInvis .   a - +3 hand axe
rCold    . . .     Gourm    .   (no shield)
rNeg     . . .     Faith    .   d - +0 chain mail
rPois    .         Spirit   .   (no helmet)
rElec    .         Reflect  .   (no cloak)
rCorr    .         Harm     .   (no gloves)
MR       .....                  (no barding)
Stlth    ..........             (no amulet)
HPRegen  0.12/turn              (no ring)
MPRegen  0.10/turn              (no ring)

@: very quick
A: large, hooves 3, deformed body, speed 2, tough skin 3
a: Depart the Abyss, Renounce Religion


You were on level 3 of the Dungeon.
You worshipped Lugonu.
Lugonu was aware of your devotion.
You were hungry.

You visited 1 branch of the dungeon, and saw 3 of its levels.
You visited the Abyss 1 time.

You collected 192 gold pieces.

Inventory:

Hand Weapons
 a - a +3 hand axe (weapon)
Missiles
 i - 6 tomahawks (quivered)
Armour
 d - a +0 chain mail (worn)
Scrolls
 b - a scroll of fear
Potions
 e - a potion of flight {unknown}
 f - a potion of berserk rage {unknown}
 h - a potion of invisibility {unknown}
 l - a potion of curing
 p - a potion of haste {unknown}
Comestibles
 c - 4 rations


   Skills:
 + Level 3.5 Fighting
 + Level 2.0 Axes
 * Level 2.1 Armour
 * Level 1.2 Dodging
 * Level 2.7 Invocations


You had 3 spell levels left.
You didn't know any spells.
Your spell library was empty.

Dungeon Overview and Level Annotations

Branches:
Dungeon (3/15)

Altars:
Wu Jian


Innate Abilities, Weirdness & Mutations

You have hooves in place of feet.
Armour fits poorly on your strangely shaped body.
You cover ground very quickly.
You have extremely tough skin. (AC +3)


Message History

You hit the sky beast. Your kick misses the sky beast.
The sky beast is severely wounded.
The sky beast barely misses you.
You completely miss the sky beast.
The sky beast is severely wounded.
The sky beast hits you. The sky beast shocks you.
You closely miss the sky beast. Your kick misses the sky beast.
The sky beast is severely wounded.
The sky beast hits you but does no damage.
You closely miss the sky beast.
The sky beast is severely wounded.
The sky beast hits you. The sky beast shocks you.
* * * LOW HITPOINT WARNING * * *
You hit the sky beast.
The sky beast is severely wounded.
The sky beast hits you but does no damage.
The sky beast hits you.
* * * LOW HITPOINT WARNING * * *
The sky beast shocks you.
You die...

## ### #..
..# #..# #.#
#..Y###.#
###...@>#<#
...........+
.###.....#.#
#.#...#.#
#........#
#.###.#### #
#.# ..# ##


You could see a sky beast.

Vanquished Creatures
  2 adders (D:2)
  2 worms (D:2)
  5 giant cockroaches
  6 goblins (D:2)
  2 hobgoblins (D:2)
  8 jackals
  4 kobolds
  A quokka (D:2)
  A ball python (D:2)
  7 bats
  2 rats (D:2)
  3 toadstools (D:1)
43 creatures vanquished.

Vanquished Creatures (others)
  A toadstool (D:1)
1 creature vanquished.

Grand Total: 44 creatures vanquished

Notes
Turn   | Place    | Note
-------+----------+-------------------------------------------
     0 | Abyss:1  | Gargoyl the Centaur Abyssal Knight began the quest for the
                  | Orb.
     0 | Abyss:1  | Reached XP level 1. HP: 19/19 MP: 2/2
    92 | Abyss:2  | Noticed a ynoxinul
   116 | Abyss:3  | Noticed a sun demon
   149 | Abyss:3  | Noticed a kobold demonologist
   154 | Abyss:3  | Noticed a daeva
   157 | D:1      | Escaped the Abyss
   467 | D:1      | Reached * piety under Lugonu
   467 | D:1      | Reached XP level 2. HP: 26/26 MP: 3/3
   943 | D:2      | Reached skill level 1 in Dodging
  1090 | D:2      | Reached XP level 3. HP: 8/31 MP: 4/4
  2158 | D:2      | Reached XP level 4. HP: 24/38 MP: 6/6
  2395 | D:2      | Found an ornate altar of the Wu Jian Council.
  2466 | D:3      | Noticed a sky beast
  2483 | D:3      | Slain by a sky beast

Skill      XL: |  1  2  3 |
---------------+----------+-----
Axes           | 2 |  2.0
Dodging        | 1 |  1.2
Armour         | 2 |  2.1
Fighting       | |  3.5
Invocations    | |  2.7

Action                   |  1- 3 |  4- 6 || total
-------------------------+-------+-------++-------
Melee: Hand axe          |   126 |    17 ||   143
       Kick              |    20 |     2 ||    22
Throw: Tomahawk          |     2 |       ||     2
Invok: Depart the Abyss  |     1 |       ||     1
  Use: Scroll            |     7 |     1 ||     8
       Potion            |     1 |       ||     1
  Eat: Chunk             |     3 |       ||     3
Armor: Chain mail        |   134 |    12 ||   146
Dodge: Dodged            |    44 |     3 ||    47
